AoeStats
← Cosmfulanito543

Glade

510767408Analyzed
1v1 RM · 7h ago on Oct 2, 2026· 27m 40s· 2 players
Game mode
Random Map
Map size
Tiny (2 player)
Population
200
Speed
Normal
Resources
Standard
Victory
Conquest
Starting age
Dark Age
Ending age
Imperial Age
RankedLock teamsTeams togetherTeam positionsShared explorationLock speedFull tech treeHidden civsTurbo modeCheats
Victory
Defeat
🇦🇷 Huns · Argentina
1132
+17
🇨🇦 Teutons · Canada
1144
-17
Cosmfulanito543
7:18 Loom
9:38 Feudal Age
10:13 Double-Bit Axe
10:26 Horse Collar
13:40 Fletching
17:04 Gold Mining
22:03 Castle Age
20:14 Stone Mining
23:14 Bow Saw
23:07 Heavy Plow
23:11 Bodkin Arrow
26:36 Town Watch
StrangeThing4
7:20 Loom
9:55 Feudal Age
10:44 Man-at-Arms
13:24 Wheelbarrow
13:05 Double-Bit Axe
22:51 Castle Age
24:08 Bow Saw
25:48 Bloodlines
Connection lost

Rejoining the realm…

Still unreachable

The connection could not be restored.

Session expired

The server has moved on; the page needs a fresh start.